 Dungeon Crawl Stone Soup version 0.31-a0-1227-g0136665373 (webtiles) character file.

Game seed: 5105853656336092387

9996 ragingrage the Gouger (level 11, -4/81 (84) HPs)
             Began as a Felid Fighter on Dec 15, 2023.
             Was a Priest of Ru.
             Slain by an orc warrior
             ... wielding a +0 long sword of freezing
              (12 damage)
             ... on level 9 of the Dungeon.
             The game lasted 00:18:00 (12922 turns).

ragingrage the Gouger (Felid Fighter)              Turns: 12922, Time: 00:18:00

HP:   -4/81 (84)    AC:  2    Str: 12    XL:     11   Next: 30%
MP:   12/12         EV: 19    Int: 11    God:    Ru [***...]
Gold: 164           SH:  0    Dex: 21    Spells: 10/10 levels left
                                        Lives: 0   Deaths: 4

rFire   . .          .
                       - Unarmed
rCold   . . .        (shield unavailable)
rNeg    . . .        (body armour unavailable)
rPois   .            (helmet unavailable)
rElec   .            (cloak unavailable)
rCorr   +            (gloves unavailable)
SInv    +            (boots unavailable)
Will    +....        B - amulet of faith Stlth
                     (no ring)
HPRegen 0.33/turn    k - ring of resist corrosion
MPRegen 0.13/turn

%: faith
@: berserking, lightly drained, very quick
A: very small, claws 1, fangs 3, see invisible, shaggy fur 2, inability to drink
after injury 2, cowardly, no hexes magic, no ice magic, no summoning magic,
stealthy paws, no weapons or thrown items, no armour, multi-lived
a: Renounce Religion, Draw Out Power


You were on level 9 of the Dungeon.
You worshipped Ru.
Ru was most pleased with you.
You visited 1 branch of the dungeon, and saw 10 of its levels.

You collected 754 gold pieces.
You spent 590 gold pieces at shops.

Inventory:

Jewellery
 k - a ring of resist corrosion (right paw)
 l - a ring of fire
 B - an amulet of faith (around neck)
 H - a ring of flight
 K - an amulet of magic regeneration
Talismans
 t - a maw talisman
 E - a blade talisman
Wands
 r - a wand of flame (56)
 z - a wand of mindburst (7)
 A - a wand of paralysis (4)
 D - a wand of digging (7)
 F - a wand of roots (13)
Scrolls
 b - 3 scrolls of immolation
 c - a scroll of noise {unknown}
 g - 2 scrolls of amnesia
 h - 3 scrolls of enchant armour {unknown}
 i - 4 scrolls of fear
 j - 3 scrolls of teleportation
 m - 2 scrolls of enchant weapon
 o - 3 scrolls of fog {unknown}
 s - a scroll of vulnerability {unknown}
 v - a scroll of brand weapon {unknown}
 w - a scroll of torment {unknown}
 y - 2 scrolls of revelation {unknown}
 C - a scroll of poison {unknown}
 I - a scroll of butterflies
Potions
 a - a potion of might
 d - 3 potions of curing
 e - a potion of attraction {unknown}
 f - 2 potions of invisibility
 n - 2 potions of enlightenment
 p - a potion of resistance {unknown}
 q - 2 potions of ambrosia {unknown}
 u - a potion of lignification
 x - 2 potions of magic {unknown}
 G - a potion of heal wounds {unknown}
 J - a potion of mutation


   Skills:
 - Level 6.0 Fighting
 - Level 4.1 Dodging
 - Level 4.0 Stealth
 - Level 13.0 Unarmed Combat
 + Level 0.0 Evocations
 + Level 9.6 Shapeshifting


You had 10 spell levels left.
You didn't know any spells.
Your spell library contained the following spells:

 Spells                   Type           Power      Damage    Failure   Level
 Foxfire                  Conj/Fire      0%         2x1d4     34%         1
 Plasma Beam              Fire/Air       0%         2x1d10    100%        6
 Starburst                Conj/Fire      0%         6d3       100%        6


Dungeon Overview and Level Annotations

Branches:
Dungeon (10/15)            Temple (0/1) D:6            Lair (0/5) D:9
    Orc (0/2) D:10

Altars:
Ashenzari
Hepliaklqana
Kikubaaqudgha
Makhleb
Nemelex Xobeh
Ru
Wu Jian
Xom
Yredelemnul

Shops:
D:5 *!**   D:6 (*:*

Portals:
Abyss: D:6

Annotations:
D:6 2 transporters, Jeremiah; kd29's ghost, novice HOFi
D:7 2 transporters, robth's ghost, novice MiFi
D:9 3 runed translucent doors, Sobieck's ghost, journeyman TeCj
D:10 Harold


Innate Abilities, Weirdness & Mutations

You have sharp claws.
You have razor-sharp teeth.
You have supernaturally acute eyesight. (SInv)
You are covered in thick fur. (AC +2)
You sometimes lose the ability to drink potions when taking damage.
Your cowardice makes you less effective in combat with threatening foes.
You cannot study or cast Hexes magic.
You cannot study or cast Ice magic.
You cannot study or cast Summoning magic.
Your paws help you pounce on unaware monsters.
You are incapable of wielding weapons or throwing items.
You cannot wear armour.
You gain extra lives every three experience levels.


Message History

Items here: )) [[.
The orc warrior shouts!
The orc barely misses you.
Things that are here:
a +0 whip; a +0 whip; an orc corpse You scratch the orc.
You bite the orc.
You kill the orc!
You feel a twist of horror at the sight of this foe.
Things that are here:
a +0 club; a +0 scale mail You barely miss the orc warrior.
The orc warrior hits you with a +0 long sword of freezing!
The orc warrior freezes you.
The orc warrior shouts!
You scratch the orc warrior but do no damage.
The orc warrior hits you with a +0 long sword of freezing!
The orc warrior freezes you.
The orc warrior shoots an arrow.
The arrow misses you.
Things that are here:
a +0 whip; a +0 whip; an orc corpse
Items here: )) [[.
There is an escape hatch in the ceiling here.
The orc warrior hits you with a +0 long sword of freezing!
* * * LOW HITPOINT WARNING * * *
The orc warrior freezes you.
* * * LOW HITPOINT WARNING * * *
A mysterious force pulls you upwards. The hatch slams shut behind you.
Level annotation: 3 runed translucent doors, Sobieck's ghost, journeyman TeCj A red film seems to cover your vision as you go berserk!
You feel yourself moving faster!
You feel mighty!
The orc warrior hits you with a +0 long sword of freezing!
* * * LOW HITPOINT WARNING * * *
The orc warrior freezes you.
* * * LOW HITPOINT WARNING * * *
You focus your inner power and blind the orc warrior in retribution!
You claw the orc warrior! You claw the orc warrior!
You barely miss the orc warrior. Your bite misses the orc warrior.
The orc warrior hits you with a +0 long sword of freezing!
You die...

##...........
#............
#...((.......
######...(......#.
#........().....#.
#...............#.
#......#####...##.
#......#####...##.
#@.....+.......###
#.o....#####...#
######## #...#
#...# ##.## #.#
#.# #.#### #.....


You could see an orc warrior (blind).

Vanquished Creatures
  Pikel (D:6)
  An unseen horror (D:10)
  A rime drake (D:9)
  2 trolls
  Prince Ribbit (D:5)
  Sigmund (D:2)
  2 flying skulls (D:6)
  A wraith (D:10)
  8 yaks (D:8)
  2 steam dragons
  Grum (D:8)
  3 vampire mosquitoes (D:10)
  2 water moccasins (D:9)
  2 acid dragons (D:10)
  3 orc warriors (D:10)
  3 sky beasts (D:7)
  4 ice beasts
  2 elephant zombies (D:6)
  4 black bears
  3 ogres
  4 wolves
  2 centaurs (D:9)
  A lemure (D:6)
  A phantom (D:5)
  5 kobold brigands
  5 bullfrogs
  5 scorpions
  2 gnoll sergeants
  10 wights
  12 killer bees
  2 howler monkeys (D:5)
  A jelly (D:6)
  A centaur zombie (D:6)
  3 orc priests
  2 gnoll boudas
  A sleepcap (D:5)
  3 hounds
  Jessica (D:2)
  2 scorpion zombies (D:6)
  6 iguanas
  4 orc wizards
  A killer bee zombie (D:6)
  3 hound zombies (D:6)
  14 gnolls
  3 howler monkey zombies (D:6)
  6 adders
  A white imp (D:7)
  2 ufetubi (D:4)
  An adder zombie (D:6)
  4 worms
  3 dart slugs
  28 orcs
  7 bats
  5 endoplasms
  9 goblins
  5 hobgoblins
  2 jackals
  5 ball pythons
  2 frilled lizards
  27 kobolds
  2 rats
250 creatures vanquished.

Vanquished Creatures (others)
  A wolf (D:9)
1 creature vanquished.

Grand Total: 251 creatures vanquished

Notes
Turn   | Place    | Note
-------+----------+-------------------------------------------
     0 | D:1      | ragingrage the Felid Fighter began the quest for the Orb.
     0 | D:1      | Reached XP level 1. HP: 12/12 MP: 2/2
   166 | D:1      | Reached XP level 2. HP: 16/16 MP: 3/3
   636 | D:1      | Reached skill level 1 in Stealth
  1003 | D:2      | Noticed Sigmund
  1038 | D:2      | Reached XP level 3. HP: 20/20 MP: 4/4
  1041 | D:2      | Noticed Jessica
  1044 | D:2      | Killed Jessica
  1082 | D:2      | Killed Sigmund
  1083 | D:2      | Reached skill level 5 in Unarmed Combat
  1083 | D:2      | Reached XP level 4. HP: 25/25 MP: 5/5
  1083 | D:2      | Reached XP level 5. HP: 29/29 MP: 6/6
  1832 | D:3      | Found a faded altar of an unknown god.
  1921 | D:3      | Gained mutation: You are covered in thick fur. (AC +2)
                  | [Felid growth]
  1921 | D:3      | Reached XP level 6. HP: 31/33 MP: 7/7
  2501 | D:4      | Reached skill level 6 in Unarmed Combat
  2866 | D:4      | Found a sacrificial altar of Ru.
  2897 | D:4      | Became a worshipper of Ru the Awakened
  2956 | D:4      | Found the +7 Spriggan's Knife {stab, EV+4 Stlth+}
  3137 | D:5      | Entered Level 5 of the Dungeon
  3137 | D:5      | Found Ycva's Assorted Antiques.
  3140 | D:5      | Bought a golden potion for 24 gold pieces
  3140 | D:5      | Bought a scroll labelled CEPLEROMAU for 27 gold pieces
  3140 | D:5      | Bought a scroll labelled DAPTO PUHOIRE for 27 gold pieces
  3140 | D:5      | Bought a puce potion for 24 gold pieces
  3140 | D:5      | Bought a scroll labelled MAOMICZI WA SIPT for 27 gold
                  | pieces
  3140 | D:5      | Bought a scroll labelled GAPNES WAIF for 27 gold pieces
  3477 | D:5      | Found Xett's Distillery.
  3487 | D:4      | Reached XP level 7. HP: 37/38 MP: 8/8
  3728 | D:5      | Reached skill level 5 in Fighting
  3754 | D:5      | Found Jeajoqu's General Store.
  3811 | D:5      | Reached skill level 1 in Shapeshifting
  3916 | D:5      | Reached skill level 7 in Unarmed Combat
  4330 | D:5      | Identified the -1 helmet "Eniculo" {rPois rN+}
  4859 | D:5      | Found Conowk's General Store.
  5024 | D:5      | Bought a potion of haste for 100 gold pieces
  5102 | D:5      | Gained mutation: You cannot study or cast Ice magic. [Ru
                  | sacrifice]
  5102 | D:5      | Gained mutation: You cannot study or cast Hexes magic. [Ru
                  | sacrifice]
  5102 | D:5      | Gained mutation: You cannot study or cast Summoning magic.
                  | [Ru sacrifice]
  5102 | D:5      | Reached * piety under Ru
  5143 | D:6      | Reached XP level 8. HP: 43/44 MP: 9/9
  5218 | D:6      | Found Raubb's Antique Weapon Shoppe.
  5234 | D:6      | Found a transporter.
  5243 | D:6      | Reached skill level 8 in Unarmed Combat
  5278 | D:6      | Noticed an ancient zyme
  5292 | D:6      | Found a transporter.
  5299 | D:6      | Noticed a flying skull
  5300 | D:6      | Found an ancient bone altar of Kikubaaqudgha.
  5300 | D:6      | Noticed a flying skull
  5321 | D:6      | Noticed a green ugly thing
  5330 | D:6      | Found a one-way gate to the infinite horrors of the Abyss.
  5330 | D:6      | Noticed kd29's ghost (novice HOFi)
  5338 | D:6      | You fall into a shaft and drop 2 floors!
  5590 | D:8      | Found a shimmering altar of Xom.
  5777 | D:6      | Found a staircase to the Ecumenical Temple.
  5875 | D:7      | Slain by a black bear
  5953 | D:7      | Reached skill level 9 in Unarmed Combat
  6074 | D:7      | Noticed robth's ghost (novice MiFi)
  6105 | D:6      | Found a basalt altar of Yredelemnul.
  6134 | D:5      | Bought a potion of lignification for 42 gold pieces
  6268 | D:6      | Found Baoluilo's Book Shoppe.
  6296 | D:6      | Noticed Jeremiah
  6353 | D:6      | Reached XP level 9. HP: 39/48 MP: 10/10
  6413 | D:6      | Noticed Pikel
  6418 | D:6      | Noticed Prince Ribbit
  6490 | D:5      | Killed Prince Ribbit
  6491 | D:5      | Reached skill level 10 in Unarmed Combat
  6591 | D:6      | Slain by Pikel
  6623 | D:6      | Found Plog's Assorted Antiques.
  6904 | D:7      | Found a transporter.
  6986 | D:7      | Identified the +2 flail "Guajygesuhe" {elec, rElec}
  7002 | D:7      | Found a burning altar of Makhleb.
  7002 | D:7      | Found an ornate altar of the Wu Jian Council.
  7041 | D:7      | Gained mutation: You occasionally lose the ability to drink
                  | potions when taking damage. [Ru sacrifice]
  7041 | D:7      | Gained mutation: You sometimes lose the ability to drink
                  | potions when taking damage. [Ru sacrifice]
  7041 | D:7      | Reached ** piety under Ru
  7225 | D:7      | Found a transporter.
  7235 | D:7      | Reached skill level 11 in Unarmed Combat
  7235 | D:7      | Reached skill level 5 in Shapeshifting
  7395 | D:8      | Reached XP level 10. HP: 50/53 MP: 11/11
  7427 | D:8      | Found a sparkling altar of Nemelex Xobeh.
  7920 | D:8      | Noticed Grum
  7930 | D:8      | Killed Grum
  7936 | D:8      | Reached skill level 12 in Unarmed Combat
  8600 | D:9      | Slain by a killer bee
  9159 | D:9      | Found a runed translucent gate.
  9160 | D:9      | Found a runed translucent gate.
  9161 | D:9      | Found a runed translucent gate.
  9334 | D:10     | Entered Level 10 of the Dungeon
  9343 | D:10     | Gained mutation: Your cowardice makes you less effective in
                  | combat with threatening foes. [Ru sacrifice]
  9343 | D:10     | Reached *** piety under Ru
  9533 | D:10     | Found a staircase to the Orcish Mines.
  9598 | D:10     | Slain by an orc warrior
  9614 | D:10     | Found a hazy altar of Hepliaklqana.
  9666 | D:10     | Found a broken altar of Ashenzari.
  9765 | D:10     | Noticed Harold
  9795 | D:9      | Found a staircase to the Lair.
  9975 | D:9      | Noticed Sobieck's ghost (journeyman TeCj)
 10030 | D:9      | Reached skill level 13 in Unarmed Combat
 10202 | D:10     | Reached XP level 11. HP: 56/56 MP: 12/12
 10905 | D:10     | Noticed a two-headed ogre
 11642 | D:6      | Killed Pikel
 11888 | D:6      | Found Syved's General Store.
 11896 | D:6      | Bought a scroll of butterflies for 56 gold pieces
 11932 | D:5      | Bought 2 scrolls labelled OWKUPA TEOM for 54 gold pieces
 11976 | D:5      | Bought a potion of mutation for 112 gold pieces
 12553 | D:5      | Bought a potion of berserk rage for 70 gold pieces
 12922 | D:9      | Slain by an orc warrior

Illustrated notes

Levels and vault maps discovered:
D:1:      minmay_arrival_hallway, layout_basic, serial_forest,
          infiniplex_forest_clump_long, infiniplex_forest_lined_room_3,
          infiniplex_forest_straight_2, infiniplex_forest_lined_room_3,
          infiniplex_forest_clump_long, infiniplex_forest_clump_C,
          infiniplex_forest_clump_small, infiniplex_forest_clump_diagonal,
          infiniplex_forest_side_room, infiniplex_forest_clump_medium
D:2:      minmay_kobold_bridge, layout_loops_ring, uniq_sigmund, uniq_jessica
D:3:      layout_loops_ring, hellmonk_ecumenical_altar_leap_of_faith,
          grunt_ministairs_1
D:4:      layout_loops_ring, nicolae_ru_sacrificial_ziggurat
D:5:      layout_basic, serial_shops, nicolae_stop_n_shop_1,
          nicolae_shop_tiny_glass, shop, nicolae_stop_n_shop_2,
          kennysheep_decorative_pillar
D:6:      layout_rooms, yredelemnul_altar_generic,
          minmay_temple_entry_antechambers, serial_shops,
          nicolae_shop_waterfront, shop, shop,
          nicolae_shop_pleasant_corner_grove, gammafunk_ghost_abyssal_escape,
          roadster_capsule_ark_zombie, uniq_pikel, uniq_prince_ribbit1,
          uniq_jeremiah
D:7:      layout_loops_ring, nicolae_overflow_two_pavilions,
          gammafunk_ghost_stat_death
D:8:      layout_loops_ring, nemelex_xobeh_ov_fountains_minmay,
          xom_teletrap_fun, uniq_grum
D:9:      layout_basic, hellmonk_lair_entry_icy, ebering_ghost_rock_garden
D:10:     layout_roguey, zin_academy, jmf_multi_god_temple, david_orc_3,
          serial_shops, shop, uniq_harold

Skill      XL: |  1  2  3  4  5  6  7  8  9 10 11 |
---------------+----------------------------------+-----
Stealth        | 1 3 4 |  4.0
Fighting       | 4 5 6 |  6.0
Unarmed Combat | 5 6 7 9 11 13 | 13.0
Shapeshifting  | 2 3 6 8 9 |  9.6
Dodging        | |  4.1

Action                     |  1- 3 |  4- 6 |  7- 9 | 10-12 || total
---------------------------+-------+-------+-------+-------++-------
  Melee: Unarmed           |    72 |   103 |   323 |   377 ||   875
         Punch             |     2 |     7 |    16 |    28 ||    53
         Bite              |     3 |     7 |    46 |    56 ||   112
 Invoke: Sacrifice Arcana  |       |       |     1 |       ||     1
         Sacrifice Drink   |       |       |     1 |       ||     1
         Sacrifice Courage |       |       |       |     1 ||     1
  Evoke: Wand              |       |       |     4 |    12 ||    16
    Use: Scroll            |       |     4 |     4 |     2 ||    10
         Potion            |       |       |     3 |     4 ||     7
   Stab: Sleeping          |     5 |    14 |    12 |     4 ||    35
         Distracted        |       |     1 |     1 |     3 ||     5
         Paralysed         |       |       |       |     2 ||     2
         Invisible         |       |       |       |     2 ||     2
 Armour: Skin              |    14 |    21 |   124 |   151 ||   310
  Dodge: Dodged            |    56 |    83 |   256 |   270 ||   665
         Form:             |       |       |       |     3 ||     3
         Blade             |       |       |       |     2 ||     2
         Maw               |       |       |       |     1 ||     1

Table legend: (Time is in decaauts)
 A = Elapsed time spent in this place.
 B = Non-inter-level travel time spent in this place.
 C = Inter-level travel time spent in this place.
 D = Time resting spent in this place.
 E = Time spent auto-exploring this place.
 F = Levels seen in this place.
 G = Mean time per level.
                   A        B        C        D        E       F      G
               +--------+--------+--------+--------+--------+-----+--------+
         Total |  12784 |  11817 |    967 |   3070 |   6005 |  10 | 1278.4 |
       Dungeon |  12784 |  11817 |    967 |   3070 |   6005 |  10 | 1278.4 |
               +--------+--------+--------+--------+--------+-----+--------+

Top non-repeatable levels by time:
     D:5: 2194 daAuts
     D:9: 1938 daAuts
     D:6: 1591 daAuts
    D:10: 1316 daAuts
     D:8: 1172 daAuts
     D:4: 1154 daAuts
     D:7: 1092 daAuts
     D:2: 874 daAuts
     D:1: 731 daAuts
     D:3: 718 daAuts
